 Dungeon Crawl Stone Soup version 0.30.0-10-gfe55d96785 (webtiles) character file.

Game seed: 657802559583562783

298 CaptainMV the Conjurer (level 6, 0/44 HPs)
             Began as a Gnoll Wanderer on May 16, 2023.
             Slain by a phantom (5 damage)
             ... on level 5 of the Dungeon.
             The game lasted 00:25:33 (2530 turns).

CaptainMV the Conjurer (Gnoll Wanderer)             Turns: 2530, Time: 00:25:34

Health: 0/44       AC:  3    Str: 13    XL:     6   Next: 35%
Magic:  1/11       EV: 13    Int: 19    God:
Gold:   186        SH:  0    Dex: 10    Spells: 3/11 levels left

rFire   . . .        l - staff of earth
rCold   . . .        (no shield)
rNeg    + + .        c - +0 robe
rPois   .            d - +0 helmet
rElec   .            (no cloak)
rCorr   .            (no gloves)
SInv    +            (no boots)
Will    .....        q - amulet of Amuaf {RegenMP rN++ Will- SInv}
Stlth   ++           i - +6 ring of strength
HPRegen 0.27/turn    (no ring)
MPRegen 0.52/turn

%: no passive effects
@: no status effects
A: fangs 1, strong nose, distributed training
a: no special abilities


You were on level 5 of the Dungeon.
You visited 1 branch of the dungeon, and saw 5 of its levels.

You collected 186 gold pieces.

Inventory:

Missiles
 e - 14 javelins (quivered)
 f - 6 datura-tipped darts
 h - 5 boomerangs
 j - a throwing net
 u - 6 poisoned darts
Armour
 c - a +0 robe (worn)
 d - a +0 helmet (worn)
Magical Staves
 l - a staff of earth (weapon)
Jewellery
 i - a +6 ring of strength (left hand)
 q - the amulet of Amuaf (around neck) {RegenMP rN++ Will- SInv}
   (You found it on level 2 of the Dungeon)

   [amulet of magic regeneration]

   It increases your rate of magic regeneration.
   rN:        It greatly protects you from negative energy.
   SInv:      It lets you see invisible.
   Will:      It decreases your willpower.
Scrolls
 b - a scroll of butterflies
 g - a scroll of magic mapping
 k - a scroll of vulnerability
 n - 4 scrolls of teleportation
 s - 3 scrolls of identify
 t - a scroll of fear
 w - a scroll of torment
 y - a scroll of noise {unknown}
 z - a scroll of amnesia {unknown}
 A - a scroll of silence {unknown}
Potions
 m - a potion of might
 o - 3 potions of attraction
 p - a potion of mutation {unknown}
 r - a potion of invisibility {unknown}
 v - 2 potions of curing {unknown}
 x - a potion of haste {unknown}


   Skills:
 + Level 2.0 Fighting
 + Level 2.0 Short Blades
 + Level 2.0 Long Blades
 + Level 2.0 Axes
 + Level 2.0 Maces & Flails
 + Level 2.0 Polearms
 + Level 2.0 Staves
 + Level 2.0 Ranged Weapons
 + Level 3.3 Throwing
 + Level 2.0 Armour
 + Level 5.0 Dodging
 + Level 3.1 Stealth
 + Level 2.0 Shields
 + Level 2.0 Unarmed Combat
 + Level 3.4 Spellcasting
 + Level 5.7 Conjurations
 + Level 1.6 Hexes
 + Level 1.6 Summonings
 + Level 1.6 Necromancy
 + Level 1.6 Translocations
 + Level 2.6 Transmutations
 + Level 1.6 Fire Magic
 + Level 1.6 Ice Magic
 + Level 1.6 Air Magic
 + Level 1.6 Earth Magic
 + Level 1.6 Poison Magic
 + Level 3.4 Invocations
 + Level 2.0 Evocations


You had 3 spell levels left.
You knew the following spells:

 Your Spells              Type           Power      Damage    Failure   Level
a - Shock                 Conj/Air       68%        1d7       3%          1
b - Hailstorm             Conj/Ice       17%        3d6       10%         3
c - Fulminant Prism       Conj/Hex       8%         3d7       32%         4

Your spell library contained the following spells:

 Spells                   Type           Power      Damage    Failure   Level
 Beastly Appendage        Tmut           26%        N/A       4%          1
 Spider Form              Tmut/Pois      11%        N/A       19%         3
 Manifold Assault         Tloc           9%         N/A       58%         4
 Dispersal                Tloc           4%         N/A       100%        6
 Disjunction              Tloc           4%         N/A       100%        8


Dungeon Overview and Level Annotations

Branches:
Dungeon (5/15)
 Temple: D:4-7

Altars:

Shops:
D:4 *


Innate Abilities, Weirdness & Mutations

You have very sharp teeth.
Your uncanny sense of smell can sniff out nearby items.
Your experience applies equally to all skills.


Message History

Casting: Shock (safe; 3% risk of failure)
Confirm with . or Enter, or press ? or * to list all spells.
Aiming: Shock (safe; 3% risk of failure)
Press: ? - help, Shift-Dir - straight line, f/p - phantom
Aim: a phantom (severely damaged, 60% to hit)
The zap hits the phantom.
The phantom is severely damaged.
The phantom barely misses you.
Casting: Shock (safe; 3% risk of failure)
Confirm with . or Enter, or press ? or * to list all spells.
Aiming: Shock (safe; 3% risk of failure)
Press: ? - help, Shift-Dir - straight line, f/p - phantom
Aim: a phantom (severely damaged, 60% to hit)
The zap misses the phantom.
The phantom hits you.
Casting: Shock (safe; 3% risk of failure)
Confirm with . or Enter, or press ? or * to list all spells.
Aiming: Shock (safe; 3% risk of failure)
Press: ? - help, Shift-Dir - straight line, f/p - phantom
Aim: a phantom (severely damaged, 60% to hit)
The zap hits the phantom.
The phantom is almost destroyed.
The phantom hits you.
* * * LOW HITPOINT WARNING * * *
The phantom blinks!
You blink.
Casting: Shock (safe; 3% risk of failure)
Confirm with . or Enter, or press ? or * to list all spells.
Aiming: Shock (safe; 3% risk of failure)
Press: ? - help, Shift-Dir - straight line, f/p - phantom
Aim: a phantom (almost destroyed, 60% to hit)
The zap hits the phantom but does no damage.
The phantom is almost destroyed.
The phantom hits you!
* * * LOW HITPOINT WARNING * * *
Casting: Shock (safe; 3% risk of failure)
Confirm with . or Enter, or press ? or * to list all spells.
You don't have enough magic to cast this spell.
You closely miss the phantom. Your bite misses the phantom.
The phantom is almost destroyed.
The phantom hits you.
You die...

#.# ∆ #######.#### ..
#..........#
........##..........#
........... ........#
.......W#.# #....#
........#.#####....####..
........#§.).............
$.......#...W@.##.#####..
........#......##.....#
......).)).....##.....# ..
........##.....##.....#....
........##.....##..........
........##.....##.#'####...
........##......#.#.#### ..
##########......#.#...<# .
.......#.######


You could see a phantom.

Vanquished Creatures
  A black bear (D:4)
  An orc priest (D:4)
  An orc wizard (D:5)
  4 adders
  A worm (D:2)
  7 dart slugs
  9 orcs
  5 bats
  8 endoplasms
  2 giant cockroaches
  5 goblins
  9 hobgoblins
  3 jackals (D:1)
  3 kobolds
  5 quokkas
  7 ball pythons
  13 frilled lizards
  5 rats
  A fulminant prism (D:4)
90 creatures vanquished.

Vanquished Creatures (others)
  5 fulminant prisms
5 creatures vanquished.

Grand Total: 95 creatures vanquished

Notes
Turn   | Place    | Note
-------+----------+-------------------------------------------
     0 | D:1      | CaptainMV the Gnoll Wanderer began the quest for the Orb.
     0 | D:1      | CaptainMV set off with the following items: a +0 dagger, a
                  | scroll of butterflies, a +0 robe, a +0 helmet; and the
                  | following spells available to memorise: Shock, Beastly
                  | Appendage, Hailstorm, Spider Form, Fulminant Prism.
     0 | D:1      | Reached XP level 1. HP: 13/13 MP: 4/4
     2 | D:1      | Learned a level 1 spell: Shock
   231 | D:1      | Reached XP level 2. HP: 18/19 MP: 1/5
   297 | D:1      | Reached XP level 3. HP: 5/25 MP: 0/7
   333 | D:1      | Found a faded altar of an unknown god.
   629 | D:1      | Reached skill level 1 in Fighting
   629 | D:1      | Reached skill level 1 in Short Blades
   629 | D:1      | Reached skill level 1 in Long Blades
   629 | D:1      | Reached skill level 1 in Axes
   629 | D:1      | Reached skill level 1 in Maces & Flails
   629 | D:1      | Reached skill level 1 in Polearms
   629 | D:1      | Reached skill level 1 in Staves
   629 | D:1      | Reached skill level 1 in Ranged Weapons
   629 | D:1      | Reached skill level 1 in Armour
   629 | D:1      | Reached skill level 1 in Shields
   629 | D:1      | Reached skill level 1 in Unarmed Combat
   629 | D:1      | Reached skill level 1 in Evocations
   891 | D:2      | Reached XP level 4. HP: 32/32 MP: 3/8
   900 | D:2      | Learned a level 3 spell: Hailstorm
   905 | D:2      | Learned a level 4 spell: Fulminant Prism
  1002 | D:2      | Reached skill level 1 in Hexes
  1002 | D:2      | Reached skill level 1 in Summonings
  1002 | D:2      | Reached skill level 1 in Necromancy
  1002 | D:2      | Reached skill level 1 in Translocations
  1002 | D:2      | Reached skill level 1 in Fire Magic
  1002 | D:2      | Reached skill level 1 in Ice Magic
  1002 | D:2      | Reached skill level 1 in Air Magic
  1002 | D:2      | Reached skill level 1 in Earth Magic
  1002 | D:2      | Reached skill level 1 in Poison Magic
  1114 | D:2      | Identified the amulet of Amuaf {RegenMP rN++ Will- SInv}
  1416 | D:3      | Reached XP level 5. HP: 33/37 MP: 2/9
  2248 | D:4      | Noticed a black bear
  2265 | D:4      | Killed a black bear
  2266 | D:4      | Reached XP level 6. HP: 35/44 MP: 2/11
  2345 | D:4      | Found Ijogu's Fire Supplies.
  2431 | D:4      | Reached skill level 5 in Dodging
  2474 | D:5      | Entered Level 5 of the Dungeon
  2530 | D:5      | Slain by a phantom

Illustrated notes

Levels and vault maps discovered:
D:1:      mrwooster_arrival_statue_2, layout_basic,
          hellmonk_ecumenical_altar_run_dry, minmay_three_crescents
D:2:      layout_rooms, kennysheep_nondescript, minmay_tromino_mix6
D:3:      layout_basic, minmay_increasing_density
D:4:      layout_basic, serial_co_window_serial, co_window_paths_a,
          co_window_corner_a, co_window_paths_a, co_window_paths_b,
          co_window_corner_a, co_window_paths_b, co_window_paths_a,
          co_window_of_opportunity_c, co_window_broadway_b, co_window_2corner,
          co_window_corner_b, co_window_corner_ca, co_window_4corner_b,
          glass_columns_b, glass_columns_a, glass_columns_c, glass_columns_b,
          nicolae_shop_fire_sale [nicolae_sub_dead_trees]
D:5:      layout_basic, trog_ov_bears_minmay,
          chequers_temple_overflow_statue_of_worship, general_overflow_altar,
          minmay_temple_entry_statues_fountains

Skill      XL: |  1  2  3  4  5  6 |
---------------+-------------------+-----
Transmutations | 2 |  2.6
Fighting       | 1 2 |  2.0
Short Blades   | 1 2 |  2.0
Long Blades    | 1 2 |  2.0
Axes           | 1 2 |  2.0
Maces & Flails | 1 2 |  2.0
Polearms       | 1 2 |  2.0
Staves         | 1 2 |  2.0
Ranged Weapons | 1 2 |  2.0
Armour         | 1 2 |  2.0
Shields        | 1 2 |  2.0
Unarmed Combat | 1 2 |  2.0
Evocations     | 1 2 |  2.0
Spellcasting   | 3 |  3.4
Hexes          | 1 |  1.6
Summonings     | 1 |  1.6
Necromancy     | 1 |  1.6
Translocations | 1 |  1.6
Fire Magic     | 1 |  1.6
Ice Magic      | 1 |  1.6
Air Magic      | 1 |  1.6
Earth Magic    | 1 |  1.6
Poison Magic   | 1 |  1.6
Invocations    | 3 |  3.4
Throwing       | 3 |  3.3
Stealth        | 3 |  3.1
Dodging        | 5 |  5.0
Conjurations   | |  5.7

Action                     |  1- 3 |  4- 6 || total
---------------------------+-------+-------++-------
  Melee: Dagger            |    53 |       ||    53
         Bite              |    10 |     1 ||    11
         Staff             |    23 |    21 ||    44
  Throw: Javelin           |     3 |       ||     3
   Cast: Shock             |    34 |    99 ||   133
         Fulminant Prism   |       |     6 ||     6
    Use: Scroll            |     5 |     4 ||     9
         Potion            |       |     1 ||     1
   Stab: Sleeping          |     2 |       ||     2
 Armour: Robe              |    23 |    11 ||    34
  Dodge: Dodged            |    57 |    67 ||   124
